 Dungeon Crawl Stone Soup version 0.26.1-15-g04117e645d (webtiles) character file.

Game seed: 6704317258089923669

284 suipiss the Magician (level 6, -7/41 HPs)
             Began as a Mummy Ice Elementalist on Dec 29, 2022.
             Mangled by a centaur (8 damage)
             ... on level 5 of the Dungeon.
             The game lasted 00:08:10 (5350 turns).

suipiss the Magician (Mummy Ice Elementalist)       Turns: 5350, Time: 00:08:11

Health: -7/41      AC:  5    Str: 11      XL:     6   Next: 7%
Magic:  5/12       EV: 12    Int: 16      God:
Gold:   250        SH:  0    Dex: 12 (13) Spells: 2/13 levels left

rFire    x . .     SeeInvis .   m - +1 trident
rCold    + . .     Faith    .   (no shield)
rNeg     + + +     Spirit   .   a - +0 robe
rPois    ∞         Reflect  .   i - +2 helmet
rElec    .         Harm     .   (no cloak)
rCorr    .         Rampage  .   (no gloves)
Will     .....                  (no boots)
Stlth    ++........             (no amulet)
HPRegen  0.13/turn              (no ring)
MPRegen  0.13/turn              (no ring)

@: frozen ramparts
A: no potions, fire vulnerability, cold resistance 1, negative energy resistance
3, torment resistance, unbreathing
a: no special abilities


You were on level 5 of the Dungeon.
You visited 1 branch of the dungeon, and saw 5 of its levels.

You collected 250 gold pieces.

Inventory:

Hand Weapons
 c - a +1 great mace of draining
 e - a +0 club
 k - a +0 hand axe
 m - a +1 trident (weapon)
Armour
 a - a +0 robe (worn)
 i - a +2 helmet (worn)
 l - a +0 ring mail of fire resistance
Jewellery
 b - a cursed -4 ring of strength {unknown}
Scrolls
 d - 5 scrolls of remove curse
 f - 4 scrolls of teleportation
 h - a scroll of enchant armour
 j - 3 scrolls of amnesia


   Skills:
 + Level 1.2 Armour
 + Level 2.2 Dodging
 - Level 1.5 Stealth
 + Level 1.3 Shields
 * Level 4.3 Spellcasting
 * Level 2.1 Conjurations
 + Level 0.2 Hexes
 + Level 0.1 Translocations
 * Level 4.0 Ice Magic


You had 2 spell levels left.
You knew the following spells:

 Your Spells              Type           Power        Failure   Level
a - Freeze                Ice            64%          3%          1
b - Frozen Ramparts       Ice            32%          10%         3
c - Ozocubu's Armour      Ice            16%          10%         3
d - Slow                  Hex            4%           22%         2
e - Blink                 Tloc           N/A          22%         2

Your spell library contained the following spells:

 Spells                   Type           Power        Failure   Level
 Magic Dart               Conj           40%          7%          1
 Shock                    Conj/Air       24%          11%         1
 Call Imp                 Summ           3%           26%         2
 Swiftness                Air            3%           26%         2
 Conjure Flame            Conj/Fire      6%           32%         3
 Static Discharge         Conj/Air       6%           32%         3
 Mephitic Cloud           Conj/Pois/Air  5%           36%         3
 Hailstorm                Conj/Ice       13%          43%         4
 Summon Ice Beast         Ice/Summ       9%           56%         4
 Airstrike                Air            1%           86%         4
 Lightning Bolt           Conj/Air       3%           96%         5


Dungeon Overview and Level Annotations

Branches:
Dungeon (5/15)
 Temple: D:4-7

Altars:


Innate Abilities, Weirdness & Mutations

You do not drink.
Your flesh is vulnerable to fire.
You are immune to poison.
Your flesh is cold resistant. (rC+)
You are immune to negative energy. (rN+++)
You are immune to unholy pain and torment.
You can survive without breathing.


Message History

You kill the hound!
The wall freezes the centaur. x2; The centaur unwields a +0 shortbow.
The centaur hits you.
* * * LOW HITPOINT WARNING * * *
You feel your dexterity returning.
You have reached level 6!
Your experience leads to an increase in your attributes!
Your base attributes are Str 11, Int 15, Dex 13.
Increase (S)trength, (I)ntelligence, or (D)exterity?
You feel clever.
Okay, then.
Casting: Freeze (safe; 3% risk of failure)
Confirm with . or Enter, or press ? or * to list all spells.
Aiming: Freeze (safe; 3% risk of failure)
Press: ? - help, Shift-Dir - straight line, f - centaur
Aim: a centaur, quivering 12 arrows (heavily wounded)
You freeze the centaur!
The centaur is almost dead.
The wall freezes the centaur.
The centaur hits you!
You die...

.......<..####
>####........#
#...####.......
#..............
#...######..###
#.####..#######..#
#...........(.# .#
#.>###....###.# #
. #.##.# #@#..
#.##.##.c†..#
#.##....#...#
#.#..##...#.#
#^#..###.##...
#.#..# # ##.
...... # #.#..#
.....


You could see a centaur.

Vanquished Creatures
  A howler monkey (D:4)
  A quasit (D:5)
  A hound (D:5)
  An orc wizard (D:4)
  A worker ant (D:4)
  A hound skeleton (D:4)
  2 gnolls (D:4)
  3 adders
  An ufetubus (D:5)
  A worm (D:2)
  A dart slug (D:1)
  9 orcs
  3 ball pythons
  3 giant cockroaches
  5 hobgoblins
  6 jackals
  A quokka (D:3)
  5 bats
  4 frilled lizards
  6 goblins
  3 kobolds
  A rat (D:3)
60 creatures vanquished.

Vanquished Creatures (others)
  9 plants (D:3)
9 creatures vanquished.

Grand Total: 69 creatures vanquished

Notes
Turn   | Place    | Note
-------+----------+-------------------------------------------
     0 | D:1      | suipiss the Mummy Ice Elementalist began the quest for the
                  | Orb.
     0 | D:1      | Reached XP level 1. HP: 13/13 MP: 4/4
   321 | D:1      | Reached XP level 2. HP: 19/19 MP: 3/5
  1281 | D:2      | Reached XP level 3. HP: 21/24 MP: 0/7
  1358 | D:1      | Learned a level 3 spell: Frozen Ramparts
  1362 | D:1      | Learned a level 3 spell: Ozocubu's Armour
  2597 | D:3      | Reached skill level 1 in Conjurations
  3067 | D:3      | Reached XP level 4. HP: 22/30 MP: 9/9
  3600 | D:4      | Noticed an ogre
  4038 | D:4      | Reached skill level 1 in Armour
  4038 | D:4      | Reached skill level 1 in Shields
  4150 | D:4      | Reached XP level 5. HP: 21/35 MP: 0/10
  4173 | D:4      | HP: 1/35 [hound (4)]
  4777 | D:4      | Learned a level 2 spell: Slow
  4780 | D:4      | Learned a level 2 spell: Blink
  5119 | D:5      | Entered Level 5 of the Dungeon
  5337 | D:5      | Noticed an ice beast
  5343 | D:5      | Noticed a centaur
  5349 | D:5      | HP: 1/35 [centaur (5)]
  5350 | D:5      | Reached XP level 6. HP: 1/41 MP: 6/12
  5350 | D:5      | Mangled by a centaur

Illustrated notes

Levels and vault maps discovered:
D:1:      moated_graveyard_arrival, layout_loops_corners
D:2:      minmay_spotlight, layout_basic
D:3:      kennysheep_six_static_rooms, layout_loops_ring, serial_forest,
          infiniplex_forest_straight_2, infiniplex_forest_clump_double,
          infiniplex_forest_end_double, infiniplex_forest_diagonal,
          infiniplex_forest_end_1, infiniplex_forest_clump_small,
          infiniplex_forest_clump_small, infiniplex_forest_end_1,
          infiniplex_forest_straight_2, infiniplex_forest_zigzag_1
D:4:      layout_loops_cross, marbit_many_paths, okawaru_trees_2,
          uniq_crazy_yiuf_cottage
D:5:      layout_loops_ring, chequers_serial_rivers_small_b,
          minmay_divided_ellipse

Skill      XL: |  1  2  3  4  5 |
---------------+----------------+-----
Spellcasting   | 3 4 |  4.3
Conjurations   | 1 2 |  2.1
Dodging        | 2 |  2.2
Armour         | 1 |  1.2
Shields        | 1 |  1.3
Ice Magic      | 4 |  4.0
Stealth        | |  1.5
Hexes          | |  0.2
Translocations | |  0.1

Action                   |  1- 3 |  4- 6 || total
-------------------------+-------+-------++-------
Melee: Unarmed           |     5 |       ||     5
       Club              |     9 |       ||     9
       Trident           |    40 |    64 ||   104
       Hand axe          |     4 |       ||     4
       Great mace        |       |     9 ||     9
 Cast: Freeze            |    29 |     3 ||    32
       Frozen Ramparts   |     5 |    13 ||    18
       Ozocubu's Armour  |       |     2 ||     2
  Use: Scroll            |       |    15 ||    15
Armor: Robe              |    17 |    49 ||    66
Dodge: Dodged            |    43 |    94 ||   137
